 Dungeon Crawl Stone Soup version 0.28-a0-172-g787e458d71 (webtiles) character file.

Game seed: 12092574576424278910

266213 dolemite99 the Apostle (level 20, -1/184 HPs)
             Began as a Hill Orc Fighter on Aug 17, 2021.
             Was a High Priest of Beogh.
             Succumbed to poison
             ... while paralysed by a fenstrider witch
             ... on level 2 of the Swamp.
             The game lasted 01:41:07 (52549 turns).

dolemite99 the Apostle (Hill Orc Fighter)          Turns: 52549, Time: 01:41:08

Health: -1/184     AC: 37    Str: 33    XL:     20   Next: 50%
Magic:  32/32      EV:  2    Int: 17    God:    Beogh [*****.]
Gold:   372        SH:  0    Dex: 10    Spells: 19/19 levels left

rFire   . . .      SeeInvis +   a - +10 eveningstar of Gotoch {freeze, +Blink Int+3 Dex-4}
rCold   + . .      Faith    .   c - +1 kite shield
rNeg    . . .      Spirit   .   q - +6 plate armour of Fase Jiuc {+Blink Dex+2 Stlth+}
rPois   +          Reflect  +   M - +2 helmet {SInv}
rElec   .          Harm     .   U - +2 cloak {rPois}
rCorr   .          Rampage  .   J - +2 pair of gloves
Will    +....                   g - +0 pair of boots of Jaelysiggy {rC+ Int+4}
Stlth   ..........              n - amulet "Zep Kata" {Reflect Str+7 Dex+2 SH+5}
HPRegen 0.40/turn               u - +4 ring of evasion
MPRegen 0.23/turn               z - +4 ring of slaying {=R}

@: paralysed, lethally poisoned (-1 -> -26)
A: walk on water
}: 1/15 runes: serpentine
a: Renounce Religion, Evoke Blink, Smiting, Recall Orcish Followers, Give Item
to Named Follower


You were on level 2 of the Swamp.
You worshipped Beogh.
Beogh was extremely pleased with you.
You visited 6 branches of the dungeon, and saw 33 of its levels.
You visited the Abyss 1 time.
You also visited: Sewer and Bailey.

You collected 4737 gold pieces.
You spent 4365 gold pieces at shops.

Inventory:

Hand Weapons
 a - the +10 eveningstar of Gotoch (weapon) {freeze, +Blink Int+3 Dex-4}
   (You acquired it on level 5 of the Lair of Beasts)

   It freezes those it strikes, dealing additional cold damage.
   It can also slow down cold-blooded creatures.
   Int:       It affects your intelligence (+3).
   Dex:       It affects your dexterity (-4).
   +Blink:    It lets you blink.
 j - a +0 glaive
 s - a +1 demon trident of draining
Missiles
 b - 43 poisoned darts
 A - 23 boomerangs (quivered)
 B - 4 atropa-tipped darts
Armour
 c - a +1 kite shield (worn)
 g - the +0 pair of boots of Jaelysiggy (worn) {rC+ Int+4}
   (You acquired it on level 4 of the Lair of Beasts)

   Int:       It affects your intelligence (+4).
   rC:        It protects you from cold.
 q - the +6 plate armour of Fase Jiuc (worn) {+Blink Dex+2 Stlth+}
   (You bought it in a shop on level 7 of the Dungeon)

   Dex:       It affects your dexterity (+2).
   +Blink:    It lets you blink.
   Stlth:     It makes you more stealthy.
 J - a +2 pair of gloves (worn)
 M - a +2 helmet of see invisible (worn)
 U - a +2 cloak of poison resistance (worn)
Magical Staves
 Q - a staff of air
Jewellery
 d - a ring of wizardry
 f - an amulet of magic regeneration
 i - a ring of protection from cold
 m - a +6 ring of intelligence
 n - the amulet "Zep Kata" (around neck) {Reflect Str+7 Dex+2 SH+5}
   (You acquired it on level 6 of the Dungeon)

   [amulet of reflection]

   It reflects blocked missile attacks.
   Str:       It affects your strength (+7).
   Dex:       It affects your dexterity (+2).
   SH:        It affects your SH (+5).
 u - a +4 ring of evasion (left hand)
 x - a ring of fire
 z - a +4 ring of slaying (right hand) {=R}
 P - a ring of resist corrosion
Wands
 k - a wand of flame (116)
 G - a wand of digging (7)
 S - a wand of iceblast (1)
 V - a wand of polymorph (32)
Scrolls
 l - a scroll of blinking
 r - 3 scrolls of enchant weapon
 t - 2 scrolls of fear
 v - a scroll of magic mapping
 y - 2 scrolls of amnesia
 C - a scroll of enchant armour
 F - a scroll of summoning
 O - 15 scrolls of teleportation
 X - 8 scrolls of identify {@r1}
Potions
 e - 10 potions of attraction
 h - 5 potions of invisibility
 o - 4 potions of flight
 w - 2 potions of might
 D - a potion of berserk rage
 E - a potion of haste
 H - a potion of resistance
 I - 5 potions of curing
 K - 5 potions of cancellation
 L - 2 potions of ambrosia
 N - 8 potions of magic
 T - a potion of brilliance
Miscellaneous
 R - a tin of tremorstones (2/2)
 W - a box of beasts
 Z - a phantom mirror (inert)


   Skills:
 + Level 17.4 Fighting
 - Level 7.3(13.8) Axes
 - Level 15.5(15.9) Maces & Flails
 - Level 2.0 Slings
 + Level 17.5 Armour
 - Level 15.0 Shields
 - Level 17.7 Invocations
 - Level 14.6 Evocations


You had 19 spell levels left.
You didn't know any spells.
Your spell library contained the following spells:

 Spells                   Type           Power      Damage    Failure   Level
 Corona                   Hex            0%         N/A       67%         1
 Ensorcelled Hibernation  Hex/Ice        0%         N/A       82%         2
 Slow                     Hex            0%         N/A       82%         2
 Static Discharge         Conj/Air       0%         N/A       82%         2
 Call Canine Familiar     Summ           0%         N/A       96%         3
 Confusing Touch          Hex            0%         N/A       96%         3
 Dazzling Flash           Conj/Hex       0%         N/A       96%         3
 Inner Flame              Hex/Fire       0%         N/A       96%         3
 Ozocubu's Armour         Ice            0%         N/A       96%         3
 Portal Projectile        Hex/Tloc       0%         N/A       96%         3
 Spider Form              Tmut/Pois      0%         N/A       96%         3
 Tukima's Dance           Hex            0%         N/A       96%         3
 Vampiric Draining        Necr           0%         2d6       96%         3
 Cause Fear               Hex            0%         N/A       100%        4
 Leda's Liquefaction      Hex/Erth       0%         N/A       100%        4
 Olgreb's Toxic Radiance  Pois           0%         N/A       100%        4
 Petrify                  Tmut/Erth      0%         N/A       100%        4
 Blade Hands              Tmut           0%         N/A       100%        5
 Bolt of Magma            Conj/Fire/Erth 0%         4d4       100%        5
 Excruciating Wounds      Necr           0%         N/A       100%        5
 Fireball                 Conj/Fire      0%         3d3       100%        5
 Iskenderun's Battlesphe  Conj           0%         2d6       100%        5
 Metabolic Englaciation   Hex/Ice        0%         N/A       100%        5
 Conjure Ball Lightning   Conj/Air       0%         3x3d6     100%        6
 Shadow Creatures         Summ           N/A        N/A       100%        6
 Statue Form              Tmut/Erth      0%         N/A       100%        6
 Orb of Destruction       Conj           0%         N/A       100%        7
 Ozocubu's Refrigeration  Ice            0%         4d5       100%        7
 Discord                  Hex            0%         N/A       100%        8
 Ignition                 Fire           0%         3d3       100%        8


Dungeon Overview and Level Annotations

Branches:
Dungeon (15/15)            Temple (0/1) D:6            Lair (6/6) D:11
  Swamp (2/4) Lair:3        Snake (4/4) Lair:2        Slime (0/5) Lair:6
    Orc (2/2) D:10            Elf (0/3) Orc:2        Vaults (4/5) D:13
  Crypt (0/3) Vaults:3     Depths (0/5) D:15          Sewer (visited)
 Bailey (visited)

Altars:
Cheibriados
Elyvilon
Fedhas
Kikubaaqudgha
Nemelex Xobeh
Qazlal
Uskayaw
Wu Jian
Yredelemnul

Shops:
D:7 [*?   Orc:1 (!(   Orc:2 !(((   Snake:2 !

Portals:
Trove: D:15 (give 2 scrolls of acquirement)

Annotations:
Lair:6 exclusion: 2 oklob plants
Swamp:1 2 transporters
Swamp:2 1 runed translucent door, Kystohoc's ghost, journeyman GnFE
Snake:3 2 transporters, exclusion: downstairs, Xayl's ghost, journeyman GnWz
Snake:4 1 runed translucent door


Message History

Press: ? - help, Dir - move target, p - fenstrider witch
As you read the scroll of blinking, it crumbles to dust.
Aiming: Phantom Mirror
Press: ? - help, Dir - move target, f - fenstrider witch
Aim: a fenstrider witch, wearing a +0 robe (translocational energy, moderately wounded)
You reflect the fenstrider witch with the mirror!
The mirror clouds!
Your fenstrider witch hits the fenstrider witch.
Your fenstrider witch kicks the fenstrider witch!
The fenstrider witch points at you and mumbles some strange words.
You suddenly lose the ability to move!
The fenstrider witch points at you and mumbles some strange words.
The toxic sludge hits you.
You are poisoned.
You partially resist.
* * * LOW HITPOINT WARNING * * *
Your fenstrider witch closely misses the fenstrider witch. x2
You fester in the toxic bog.
You partially resist.
You are more poisoned.
You feel very sick.
Your fenstrider witch gestures at the fenstrider witch while chanting.
The fenstrider witch resists with almost no effort.
You fester in the toxic bog!
You partially resist.
You are more poisoned.
You feel very sick.
The fenstrider witch gestures at you while chanting.
The toxic sludge hits you!
You are more poisoned.
You partially resist.
* * * LOW HITPOINT WARNING * * *
Your fenstrider witch closely misses the fenstrider witch.
Your fenstrider witch kicks the fenstrider witch!
You fester in the toxic bog.
You partially resist.
You are lethally poisoned!
* * * LOW HITPOINT WARNING * * *
x2 You feel very sick.
The fenstrider witch gestures at you while chanting.
You resist with significant effort.
You fester in the toxic bog!
You partially resist.
You are more poisoned.
* * * LOW HITPOINT WARNING * * *
You die...

♣....≈≈§≈≈≈♣ ♣♣♣≈....≈≈≈..♣
♣...≈≈≈≈≈..♣♣♣♣♣♣♣♣♣♣♣..≈≈≈.≈≈
♣♣.≈≈≈≈≈...♣.≈≈≈≈.♣♣≈.)≈≈≈≈≈≈§
♣..≈≈≈≈†...≈.§≈≈≈....≈≈≈≈≈≈≈..
♣.......≈≈.♣.≈≈≈≈.§≈)≈≈≈§§.≈♣♣
♣♣♣♣♣§..≈≈§♣..≈...≈♣≈≈§≈..≈♣≈♣
♣♣♣≈...H.≈.^♣≈♣♣♣≈≈≈≈.≈≈≈♣
♣♣♣≈.≈H≈.≈♣♣♣ ♣.≈≈§.♣♣♣♣
♣♣♣≈♣♣.@.♣♣ ♣♣.≈≈..♣♣
♣.≈.♣♣♣♣♣♣ ♣..≈≈≈<.♣ ♣≈≈.♣
♣....§≈.♣ ♣♣♣♣♣ ♣♣♣♣♣♣♣♣♣


You could see a fenstrider witch (ally target) and a friendly fenstrider witch
(summoned, drained).

Vanquished Creatures
  A dread lich (Abyss:2)
  Vashnia (Snake:3)
  Nikola (Snake:3)
  Jorgrun (D:15)
  Rupert (Lair:3)
  A sphinx (Vaults:4)
  A thorn hunter (Swamp:1)
  7 nagarajas
  A frost giant (Vaults:3)
  A fenstrider witch (Swamp:2)
  9 vault wardens
  An orc warlord (Vaults:4)
  3 ghouls (Swamp:2)
  A war gargoyle (Vaults:3)
  8 ironbound preservers
  5 very ugly things
  2 dire elephants (Vaults:1)
  A lorocyproca (Abyss:2)
  A bunyip (Swamp:2)
  2 eleionomae
  3 ironbound thunderhulks
  2 boulder beetles
  A great orb of eyes (Vaults:1)
  A vault guard (Vaults:4)
  5 yaktaur captains
  A rakshasa (Abyss:2)
  2 salamander tyrants (Snake:4)
  14 naga warriors
  20 hydras
  5 ironbound frosthearts
  A death knight (Abyss:2)
  6 alligators
  9 two-headed ogres
  2 anacondas
  9 centaur warriors
  11 death yaks
  3 ironbound beastmasters
  7 shock serpents
  A spriggan (Swamp:2)
  12 naga sharpshooters
  3 wretched stars (Abyss:2)
  3 salamander mystics
  3 goliath frogs
  2 skeletal warriors (D:14)
  13 deep trolls
  A spriggan druid (Swamp:1)
  A death drake (Swamp:1)
  3 naga ritualists
  9 wizards
  A glowing orange brain (Vaults:4)
  4 harpies (Vaults:1)
  2 swamp dragons
  5 orc knights
  10 ironbound convokers
  2 deep elf pyromancers
  2 phantasmal warriors
  4 lindwurms
  4 mana vipers
  22 ugly things
  10 salamanders
  A manticore (D:12)
  5 cyclopes
  2 will-o-the-wisps
  A sphinx skeleton (D:15)
  10 elephants
  4 guardian serpents
  6 vault sentinels
  14 naga magi
  30 black mambas
  2 smoke demons (Abyss:2)
  Maurice (D:9)
  An orange demon (Abyss:2)
  15 cane toads
  An eye of devastation (Lair:6)
  2 large abominations (Abyss:2)
  13 komodo dragons
  2 rime drakes
  2 freezing wraiths
  An ice devil (Abyss:2)
  9 yaktaurs
  A guardian mummy (D:15)
  3 trolls
  3 tyrant leeches (Swamp:2)
  3 polar bears
  20 slime creatures
  Prince Ribbit (D:8)
  15 blink frogs
  4 raiju (Abyss:2)
  4 hornets
  6 dream sheep (Lair:4)
  2 shadows
  3 small abominations (Abyss:2)
  3 wyverns
  6 basilisks
  34 yaks
  3 vampires
  Eustachio (D:4)
  A steam dragon (D:9)
  3 vampire mosquitoes (Swamp:2)
  10 swamp worms
  Edmund (D:4)
  2 two-headed ogre zombies (Orc:1)
  A warg (Orc:1)
  4 acid dragons
  38 nagas
  12 water moccasins
  2 floating eyes
  A swamp drake (Swamp:1)
  19 orc warriors
  19 ogres
  4 sky beasts
  2 ice beasts
  2 necrophages (D:6)
  9 centaurs
  21 wolves
  7 boggarts
  4 kobold brigands
  Blork the orc (D:6)
  14 bullfrogs
  5 gnoll sergeants (D:10)
  8 wights (D:8)
  A howler monkey (D:8)
  An electric eel (Lair:4)
  A lava snake (Lair:6)
  3 centaur zombies
  A quasit (Abyss:2)
  Crazy Yiuf (D:7)
  A hound (D:4)
  3 jellies
  9 orc priests
  2 bullfrog skeletons (D:6)
  A gnoll shaman (D:6)
  Jessica (D:3)
  A centaur skeleton (D:7)
  7 iguanas
  8 orc wizards
  4 hell rats (Lair:5)
  2 howler monkey zombies
  15 gnolls
  4 adders
  A shadow imp (D:6)
  13 white imps
  2 ufetubi (D:5)
  An adder skeleton (D:4)
  A worm (D:2)
  3 dart slugs
  43 orcs
  8 ball pythons
  5 bats
  5 endoplasms
  11 giant cockroaches
  9 goblins
  10 hobgoblins
  4 jackals
  6 quokkas
  10 frilled lizards
  21 kobolds
  10 rats
  A briar patch (Swamp:1)
922 creatures vanquished.

Vanquished Creatures (collateral kills)
  4 nagarajas
  Aizul (Vaults:1)
  An orc warlord (Orc:2)
  4 vault wardens (Vaults:3)
  An ironbound preserver (Vaults:3)
  4 very ugly things
  A crystal guardian (Vaults:3)
  2 yaktaur captains (Vaults:3)
  A salamander tyrant (Snake:3)
  5 naga warriors
  6 ironbound frosthearts
  2 ironbound thunderhulks
  2 hydras
  2 ogre magi
  2 boulder beetles
  A catoblepas (Lair:6)
  A peacekeeper (Vaults:3)
  3 centaur warriors
  6 anacondas
  A death knight (D:14)
  3 two-headed ogres (D:13)
  A tengu warrior (D:15)
  An ironbound beastmaster (Vaults:1)
  11 naga sharpshooters
  2 skeletal warriors
  A storm dragon zombie (D:15)
  4 deep trolls
  2 naga ritualists (Snake:4)
  2 phantasmal warriors
  2 wizards
  3 lindwurms
  A deep elf pyromancer (D:14)
  4 ironbound convokers
  A deep elf archer (D:13)
  A necromancer (D:15)
  2 deep elf zephyrmancers (D:13)
  A harpy (Vaults:1)
  3 mana vipers (Snake:2)
  2 orc knights (Orc:2)
  A fire giant zombie (D:15)
  8 salamanders
  14 ugly things
  2 manticores
  2 vault sentinels (Vaults:3)
  A stone giant skeleton (D:15)
  11 naga magi
  18 black mambas
  3 guardian serpents
  4 komodo dragons (Lair:6)
  9 yaktaurs
  A tengu conjurer (D:15)
  A freezing wraith (D:15)
  9 slime creatures
  6 yaks
  2 vampire mosquitoes (D:13)
  A steam dragon (Lair:6)
  A basilisk (D:15)
  A warg (Orc:2)
  42 nagas
  A water moccasin (Lair:6)
  13 orc warriors
  5 ogres
  9 centaurs
  4 orc wizards
  6 orcs
272 creatures vanquished.

Vanquished Creatures (others)
  Asterion (Snake:2)
  4 orc warlords
  6 orc knights
  2 orc high priests (Snake:3)
  A deep elf pyromancer (D:13)
  12 orc warriors
  A bloated husk (Swamp:2)
  4 orc wizards
  8 orc priests
  A gnoll (D:3)
  33 orcs
  4 foxfires (Abyss:2)
  43 fungi
  57 plants
  8 withered plants (D:15)
185 creatures vanquished.

Grand Total: 1379 creatures vanquished

Notes
Turn   | Place    | Note
-------+----------+-------------------------------------------
     0 | D:1      | dolemite99 the Hill Orc Fighter began the quest for the
                  | Orb.
     0 | D:1      | Reached XP level 1. HP: 19/19 MP: 1/1
   223 | D:1      | Reached XP level 2. HP: 26/26 MP: 2/2
   960 | D:1      | Found a faded altar of an unknown god.
  1005 | D:2      | Reached XP level 3. HP: 31/31 MP: 3/3
  1431 | D:2      | Reached skill level 5 in Axes
  1553 | D:2      | Reached XP level 4. HP: 23/39 MP: 4/4
  2347 | D:3      | Found an ornate altar of the Wu Jian Council.
  2563 | D:3      | Reached XP level 5. HP: 45/45 MP: 5/5
  2662 | D:3      | Became a worshipper of Beogh the Brigand
  2771 | D:3      | Reached skill level 1 in Slings
  2898 | D:3      | Noticed Jessica
  3110 | D:3      | Killed Jessica
  3563 | D:3      | Reached XP level 6. HP: 51/51 MP: 6/6
  3842 | D:4      | Reached skill level 1 in Maces & Flails
  3878 | D:4      | Reached * piety under Beogh
  4025 | D:4      | Found a stormy altar of Qazlal.
  4189 | D:4      | Found a glowing drain.
  4197 | Sewer    | Entered a sewer
  4644 | Sewer    | Reached ** piety under Beogh
  4645 | Sewer    | Reached XP level 7. HP: 57/57 MP: 7/7
  4810 | D:4      | Noticed Eustachio
  4854 | D:4      | Killed Eustachio
  4855 | D:4      | Reached skill level 5 in Maces & Flails
  4902 | D:4      | You fall into a shaft and drop 1 floor!
  4902 | D:5      | Entered Level 5 of the Dungeon
  4964 | D:4      | Noticed Edmund
  4967 | D:4      | Killed Edmund
  5409 | D:4      | Reached XP level 8. HP: 64/64 MP: 8/8
  5672 | D:5      | Found a white marble altar of Elyvilon.
  6092 | D:5      | Found a stormy altar of Qazlal.
  6148 | D:5      | Found a sparkling altar of Nemelex Xobeh.
  6562 | D:6      | Identified the +2 ring mail of Bad Feelings {Str+3 Dex+4}
  6588 | D:6      | Found a staircase to the Ecumenical Temple.
  6682 | D:6      | Identified a scroll of acquirement
  6691 | D:6      | Acquired the amulet "Zep Kata" {Reflect Str+7 Dex+2 SH+5}
  6722 | D:6      | Reached skill level 1 in Invocations
  6967 | D:6      | Reached XP level 9. HP: 70/70 MP: 12/12
  7072 | D:6      | Reached skill level 5 in Invocations
  7384 | D:6      | Noticed Blork the orc
  7392 | D:6      | Killed Blork the orc
  7811 | D:7      | Found Murent's Magic Scroll Boutique.
  7819 | D:7      | Bought a scroll of fear for 45 gold pieces
  7819 | D:7      | Bought 3 scrolls of teleportation for 117 gold pieces
  7819 | D:7      | Bought a scroll of enchant weapon for 97 gold pieces
  7819 | D:7      | Bought a scroll of identify for 26 gold pieces
  7819 | D:7      | Bought a scroll of identify for 26 gold pieces
  7819 | D:7      | Bought a scroll of identify for 26 gold pieces
  7871 | D:7      | Found Wyttegoo's Magic Scroll Shop.
  7929 | D:7      | Noticed a cyclops
  7930 | D:7      | Killed a cyclops
  8134 | D:7      | Noticed a hornet
  8232 | D:7      | Found Vulif's General Store.
  9134 | D:7      | Found Fovvilun's Antique Armour Shoppe.
  9177 | D:7      | Reached XP level 10. HP: 68/77 MP: 14/16
  9492 | D:7      | Found a snail-covered altar of Cheibriados.
  9923 | D:7      | Reached *** piety under Beogh
  9924 | D:7      | Reached skill level 10 in Invocations
  9958 | D:7      | Bought a scroll of identify for 24 gold pieces
 10018 | D:7      | Found a runed translucent door.
 10019 | D:7      | Noticed Crazy Yiuf
 10024 | D:7      | Killed Crazy Yiuf
 10205 | D:8      | Noticed Prince Ribbit
 10210 | D:8      | Killed Prince Ribbit
 10211 | D:8      | Reached skill level 1 in Evocations
 10585 | D:8      | Found a flagged portal.
 10593 | Bailey   | Entered a bailey
 10593 | Bailey   | Noticed an orc knight
 10596 | Bailey   | Killed an orc knight
 10597 | Bailey   | Reached skill level 5 in Evocations
 10890 | Bailey   | Noticed an orc knight
 10905 | Bailey   | Killed an orc knight
 10906 | Bailey   | Reached XP level 11. HP: 55/82 MP: 4/18
 10918 | Bailey   | Got the Incunabulum of Flying Hexes
 11667 | D:8      | Reached skill level 5 in Fighting
 12322 | D:9      | Reached skill level 5 in Armour
 12489 | D:9      | Noticed a two-headed ogre
 12502 | D:9      | Killed a two-headed ogre
 12699 | D:9      | Found a hide-covered altar of Uskayaw.
 12711 | D:9      | You fall into a shaft and drop 2 floors!
 12711 | D:11     | Noticed a four-headed hydra
 12714 | D:11     | Killed a four-headed hydra
 12829 | D:11     | Found a staircase to the Lair.
 13107 | D:11     | Noticed a seven-headed hydra
 13122 | D:11     | Killed a seven-headed hydra
 13812 | D:11     | Noticed a purple ugly thing
 13826 | D:11     | Killed a purple ugly thing
 14139 | D:10     | Entered Level 10 of the Dungeon
 14248 | D:10     | Noticed a two-headed ogre
 14264 | D:10     | Reached skill level 10 in Maces & Flails
 14601 | D:9      | Noticed Maurice
 14644 | D:9      | Killed Maurice
 15025 | D:9      | Reached XP level 12. HP: 81/100 MP: 19/19
 15130 | D:9      | Noticed a four-headed hydra
 15155 | D:9      | Killed a four-headed hydra
 16030 | D:9      | Noticed a centaur warrior
 16041 | D:9      | Killed a centaur warrior
 16333 | D:7      | Bought a distressingly furry plate armour for 476 gold
                  | pieces
 16333 | D:7      | Identified the +6 plate armour of Fase Jiuc {+Blink Dex+2
                  | Stlth+} (You bought it in a shop on level 7 of the Dungeon)
 16419 | D:10     | Killed a two-headed ogre
 16685 | D:10     | Found a staircase to the Orcish Mines.
 17122 | D:10     | Found a blossoming altar of Fedhas.
 17412 | D:11     | Noticed a two-headed ogre
 17428 | D:11     | Killed a two-headed ogre
 17585 | Lair:1   | Entered Level 1 of the Lair of Beasts
 17894 | Lair:1   | Noticed a five-headed hydra
 17902 | Lair:1   | Killed a five-headed hydra
 17911 | Lair:1   | Acquired 1119 gold pieces
 18089 | D:7      | Bought a +4 ring of slaying for 936 gold pieces
 18093 | D:7      | Bought 21 sling bullets for 126 gold pieces
 18155 | D:7      | Bought a scroll of teleportation for 39 gold pieces
 18155 | D:7      | Bought a scroll of enchant armour for 97 gold pieces
 18610 | Lair:1   | Noticed a four-headed hydra
 18616 | Lair:1   | Killed a four-headed hydra
 18622 | Lair:1   | Reached XP level 13. HP: 113/113 MP: 20/20
 18624 | Lair:1   | Reached skill level 10 in Fighting
 19639 | Lair:2   | Found a staircase to the Snake Pit.
 20540 | D:12     | Reached skill level 10 in Shields
 21833 | Lair:3   | Reached XP level 14. HP: 125/125 MP: 21/21
 21848 | Lair:3   | Noticed Rupert
 22228 | Lair:4   | Acquired the +0 pair of boots of Jaelysiggy {rC+ Int+4}
 22432 | Lair:4   | Reached **** piety under Beogh
 22973 | Lair:3   | Found a staircase to the Swamp.
 23007 | Lair:3   | Killed Rupert
 24984 | Lair:5   | Acquired the +10 eveningstar of Gotoch {freeze, +Blink
                  | Int+3 Dex-4}
 25190 | Lair:5   | Reached skill level 10 in Armour
 25648 | Lair:6   | Entered Level 6 of the Lair of Beasts
 25775 | Lair:6   | Paralysed by a floating eye for 4 turns
 25856 | Lair:6   | Found a staircase to the Slime Pits.
 26031 | Lair:6   | Reached XP level 15. HP: 132/132 MP: 22/22
 26128 | Lair:6   | Reached ***** piety under Beogh
 26205 | Lair:6   | Gained Thorok as an ally
 28071 | D:13     | You fall into a shaft and drop 2 floors!
 28071 | D:15     | Entered Level 15 of the Dungeon
 28071 | D:15     | Found a portal to a secret trove of treasure.
 28121 | D:14     | Gained Bogbarth as an ally
 28953 | D:13     | Found a gate to the Vaults.
 29455 | D:14     | Reached skill level 15 in Armour
 29826 | D:15     | Noticed Jorgrun
 29833 | D:15     | Killed Jorgrun
 29907 | D:15     | Found a staircase to the Depths.
 30237 | Orc:1    | Entered Level 1 of the Orcish Mines
 30238 | Orc:1    | Found Qihesyreschu's Weapon Shoppe.
 30305 | Orc:1    | Found Ucrappim's Distillery.
 30596 | Orc:1    | Reached XP level 16. HP: 125/139 MP: 23/23
 31398 | Orc:2    | Entered Level 2 of the Orcish Mines
 31839 | Orc:2    | Gained Boghold as an ally
 31843 | Orc:2    | Found Arat Vio's Weapon Shoppe.
 31843 | Orc:2    | Found Wyigamp's Weapon Boutique.
 31846 | Orc:2    | Found Ogac's Weapon Shop.
 31850 | Orc:2    | Found Haffagal's Distillery.
 31877 | Orc:2    | Reached ****** piety under Beogh
 31909 | Orc:2    | Found a staircase to the Elven Halls.
 32009 | Orc:2    | Bought 16 sling bullets for 112 gold pieces
 32009 | Orc:2    | Bought 13 sling bullets for 91 gold pieces
 32839 | Orc:1    | Found Niskoppo's Antique Weapon Shoppe.
 32950 | Orc:1    | Bought 2 potions of heal wounds for 150 gold pieces
 32950 | Orc:1    | Bought a potion of haste for 150 gold pieces
 32950 | Orc:1    | Bought a potion of invisibility for 120 gold pieces
 32950 | Orc:1    | Bought a potion of invisibility for 120 gold pieces
 32950 | Orc:1    | Bought a potion of heal wounds for 75 gold pieces
 32950 | Orc:1    | Bought a potion of magic for 120 gold pieces
 32950 | Orc:1    | Bought a potion of magic for 120 gold pieces
 32950 | Orc:1    | Bought a potion of curing for 45 gold pieces
 32950 | Orc:1    | Bought a potion of curing for 45 gold pieces
 33007 | Orc:2    | Bought a potion of resistance for 180 gold pieces
 33007 | Orc:2    | Bought a potion of resistance for 180 gold pieces
 33007 | Orc:2    | Bought a potion of invisibility for 144 gold pieces
 33007 | Orc:2    | Bought a potion of flight for 54 gold pieces
 33448 | Snake:1  | Entered Level 1 of the Snake Pit
 34665 | Snake:2  | Gained Morguth as an ally
 34724 | Snake:2  | Found Umej's Distillery.
 34826 | Snake:2  | Noticed Asterion
 34839 | Snake:2  | Your ally Thorok died
 34842 | Snake:2  | Killed Asterion
 35120 | Snake:2  | Your ally Bogbarth died
 35333 | Snake:2  | Reached skill level 10 in Evocations
 36269 | Snake:2  | Noticed a nagaraja
 36273 | Snake:2  | Killed a nagaraja
 36626 | Snake:2  | Noticed a nagaraja
 36636 | Snake:2  | Killed a nagaraja
 36646 | Snake:2  | Identified the +9 scimitar of Domination {freeze, Str+5
                  | Int+4}
 37326 | Snake:3  | Noticed Nikola
 37332 | Snake:3  | Killed Nikola
 37333 | Snake:3  | Reached XP level 17. HP: 154/154 MP: 14/24
 37762 | Snake:3  | Reached skill level 15 in Fighting
 37929 | Snake:3  | Found a transporter.
 37939 | Snake:3  | Noticed Vashnia
 37947 | Snake:3  | Killed Vashnia
 37951 | Snake:3  | Your ally Boghold died
 37955 | Snake:3  | Gained Warrok as an ally
 37969 | Snake:3  | Got Murura Nivve's Grimoire of the Blistering Oath
 38127 | Snake:3  | Your ally Morguth died
 39066 | Snake:3  | Found a transporter.
 39067 | Snake:3  | Noticed Xayl's ghost (journeyman GnWz)
 39354 | Snake:2  | Bought 2 potions of might for 128 gold pieces
 39354 | Snake:2  | Bought a potion of heal wounds for 80 gold pieces
 39513 | Snake:4  | Entered Level 4 of the Snake Pit
 40161 | Snake:4  | Identified the +6 hand crossbow of Anguish {penet, rN+}
 40439 | Snake:4  | Your ally Warrok died
 40644 | Snake:4  | Found a runed translucent door.
 40735 | Snake:4  | Reached XP level 18. HP: 155/163 MP: 25/25
 41464 | Snake:4  | Got a serpentine rune of Zot
 41978 | Vaults:1 | Entered Level 1 of the Vaults
 42069 | Vaults:1 | Gained Bogmar as an ally
 42162 | Vaults:1 | Your ally Bogmar died
 42187 | Vaults:1 | Gained Norbak as an ally
 42900 | Vaults:1 | Noticed Aizul
 42910 | Vaults:1 | Killed Aizul
 44537 | Vaults:2 | Identified the +2 ring mail of Red Miracles {Harm Fly rN+}
 45468 | Vaults:3 | Reached skill level 15 in Invocations
 46024 | Vaults:3 | Reached XP level 19. HP: 166/174 MP: 30/30
 46567 | Vaults:3 | Found a staircase to the Crypt.
 46567 | Vaults:3 | Found an ancient bone altar of Kikubaaqudgha.
 46568 | Vaults:3 | Found a basalt altar of Yredelemnul.
 46954 | Vaults:3 | Your ally Norbak died
 48442 | Vaults:4 | Paralysed by a sphinx for 6 turns
 48592 | Vaults:4 | Cast into level 2 of the Abyss (orc warlord)
 48681 | Abyss:2  | Noticed a dread lich
 48686 | Abyss:2  | Noticed a Hell Sentinel
 49134 | Abyss:2  | Noticed a dread lich
 49142 | Abyss:2  | Killed a dread lich
 49143 | Abyss:2  | Reached skill level 15 in Maces & Flails
 49143 | Abyss:2  | Reached XP level 20. HP: 136/183 MP: 32/32
 49145 | Vaults:4 | Escaped the Abyss
 50141 | Snake:2  | Bought a potion of heal wounds for 80 gold pieces
 50141 | Snake:2  | Bought a potion of curing for 48 gold pieces
 50141 | Snake:2  | Bought a potion of haste for 160 gold pieces
 50141 | Snake:2  | Bought a potion of magic for 128 gold pieces
 50252 | Swamp:1  | Entered Level 1 of the Swamp
 50278 | Swamp:1  | Found a transporter.
 50343 | Swamp:1  | Found a transporter.
 50484 | Swamp:1  | Identified the +0 leather armour "Ossiu" {Harm *Slow rPois
                  | rC+++}
 51010 | Swamp:1  | Reached skill level 15 in Shields
 51823 | Swamp:2  | Found the +2 cloak of the Thief {*Fog Slay-2 SInv Stlth+}
 52381 | Swamp:2  | Found a runed translucent door.
 52381 | Swamp:2  | Noticed Kystohoc's ghost (journeyman GnFE)
 52531 | Swamp:2  | Paralysed by a fenstrider witch for 6 turns
 52543 | Swamp:2  | Paralysed by a fenstrider witch for 7 turns
 52549 | Swamp:2  | HP: 4/184 [something (8)]
 52549 | Swamp:2  | Succumbed to poison

Illustrated notes

Levels and vault maps discovered:
D:1:      sevenhm_arrival_forest_fort_small_3, layout_rooms,
          ebering_ecumenical_altar_petrified
D:2:      layout_loops_ring, chequers_serial_rivers_micro_e, minmay_tall_x
D:3:      layout_loops_corners, mainiacjoe_overflow_cross_hatched, uniq_jessica
D:4:      layout_cave_pools, nicolae_qazlal_scattered_showers,
          portal_sewer_entry_b, minmay_misc_feat_columns, patterned_corridor,
          uniq_eustachio, uniq_edmund
D:5:      layout_basic, elyvilon_altar_5, hangedman_feature_mirror,
          fountainhead, hangedman_abyss_or_decor_jellyfish_corner
D:6:      layout_loops_ring, minmay_temple_entry_fiery, uniq_blork_the_orc
D:7:      layout_loops_cross, cheibriados_altar_1, serial_shops, shop,
          nicolae_shop_crystal, nicolae_shop_temple_entry_statues_fountains,
          nicolae_lakefront_shop, kb_rosetta, uniq_crazy_yiuf_cottage
D:8:      layout_cave_pools, enter_bailey_3, uniq_prince_ribbit1
D:9:      layout_long_grid, lemuel_doored_altar, kennysheep_cross_room,
          minmay_shattered_shrine, uniq_maurice
D:10:     layout_rooms, lemuel_round_altar,
          kennysheep_orc_monster_closet_entryway
D:11:     layout_basic, lair_entry_dummy
D:12:     layout_basic
D:13:     layout_layer_cave, hangedman_vaults_entry_quadrant_bands
D:14:     layout_loops_cross, chequers_garden
D:15:     gammafunk_depths_entry_grave, layout_rooms, enter_trove_2,
          minmay_stone_trees_small, uniq_jorgrun
Lair:1:   layout_cellular_growth, beast_lair_carwin_9
Lair:2:   layout_hall_layers, guppyfry_snake_entry_garden, serial_bayou_shore_b
Lair:3:   layout_concentric_octagons, minmay_swamp_entry_worms,
          portal_ice_cave_entry_imps, uniq_rupert
Lair:4:   layout_layer_cave, serial_bayou_shore_a
Lair:5:   layout_concentric_octagons
Lair:6:   cheibrodos_lair_end_hotspot, layout_hall_layers,
          minmay_slime_entry_eyes, minivault_11, minmay_lair_oklob_chamber
Swamp:1:  gammafunk_worm_tunnel, layout_falls_marsh,
          evilmike_swamp_ruin_house_3, nicolae_swamp_hydra_murder_den,
          infiniplex_staircase_pool_2
Swamp:2:  layout_basic_swamp, gammafunk_ghost_grave, nicolae_swamp_little_swirl,
          swamp_pool4, nicolae_swamp_snake_nest
Snake:1:  layout_gridlike
Snake:2:  kennysheep_snake, layout_basic, drop_trap, nicolae_stop_n_shop_1,
          uniq_asterion
Snake:3:  layout_layer_cave, gammafunk_ghost_berserking_beasts, special_room,
          grunt_megastairs_4, uniq_vashnia, uniq_nikola
Snake:4:  minmay_snake_end_coiled, layout_misc_corridors,
          nicolae_snake_round_shape_thing, lightli_airlock
Orc:1:    lemuel_ogre_cave, layout_diamond_mine, serial_shops, shop, shop,
          shop_statue, mines1_david, uniq_urug, uniq_sonja
Orc:2:    st_orc_rangers, layout_caves, minmay_orc_barracks
Vaults:1: vaults_dpeg_doors, ontoclasm_vaults_gallery, ontoclasm_vaults_gateway,
          hangedman_vaults_stretched_pinwheel, vaults_room_large_hall,
          vaults_mumra_hexcomb, hangedman_vaults_corner, vaults_room_pool,
          ontoclasm_vaults_ring_large, hangedman_vaults_nails,
          nicolae_vaults_theta, v_misc_25, hangedman_vaults_capsules,
          layout_vaults_omnibox, mu_enter_wizlab_6, uniq_aizul
Vaults:2: nicolae_vaults_network_quinsquares
          [nicolae_vaults_network_quincunx_subvault,
          nicolae_vaults_network_quincunx_subvault,
          nicolae_vaults_network_quincunx_subvault,
          nicolae_vaults_network_quincunx_subvault], v_misc_12, v_pattern_4,
          nicolae_vaults_theta, nicolae_vaults_sealed_display,
          nicolae_vaults_asterisk, layout_vaults_omnigrid
Vaults:3: vaults_standard_mumra_enter_the_diamond,
          minmay_crypt_entry_necro_gods, v_misc_33, grunt_vaults_bifocal,
          hangedman_vaults_cutoff, nicolae_vaults_network_star, v_pattern_2,
          vaults_mumra_minichess, vaults_room_large_hall, vaults_dpeg_spiral,
          v_alt_pattern_1, st_diamondy, vaults_room_semicircle,
          layout_vaults_maze
Vaults:4: v_alt_pattern_4, vaults_dpeg_hooks, nicolae_vaults_bisected_exclaves,
          nicolae_vaults_ninety_degrees, v_pattern_5, v_misc_8, serial_ice_g,
          layout_vaults_big_room

Skill      XL: |  1  2  3  4  5  6  7  8  9 10 11 12 13 14 15 16 17 18 19 20 |
---------------+-------------------------------------------------------------+-----
Axes           | 3 4 5 6 7 |  7.3
Slings         | 2 |  2.0
Maces & Flails | 4 7 9 10 13 15 | 15.5
Invocations    | 4 8 10 15 17 | 17.7
Shields        | 7 12 13 14 15 | 15.0
Evocations     | 8 11 14 | 14.6
Fighting       | 7 9 11 14 15 16 17 | 17.4
Armour         | 8 12 16 17 | 17.5

Action                   |  1- 3 |  4- 6 |  7- 9 | 10-12 | 13-15 | 16-18 | 19-21 || total
-------------------------+-------+-------+-------+-------+-------+-------+-------++-------
Melee: War axe           |   102 |    97 |       |       |       |       |       ||   199
       Mace              |       |    27 |    13 |       |       |       |       ||    40
       Flail             |       |       |   171 |   438 |   238 |       |       ||   847
       Hunting sling     |       |       |       |     2 |       |       |       ||     2
       Eveningstar       |       |       |       |       |   268 |   542 |   473 ||  1283
       Morningstar       |       |       |       |       |    67 |       |       ||    67
 Fire: Hunting sling     |       |   127 |   183 |   219 |   332 |       |       ||   861
Throw: Stone             |    21 |    45 |     4 |     1 |       |       |       ||    71
       Dart              |       |       |       |    51 |       |       |       ||    51
       Boomerang         |       |       |       |    13 |    94 |    41 |    67 ||   215
       Throwing net      |       |       |       |       |       |       |     1 ||     1
Invok: Convert to Beogh  |       |     1 |       |       |       |       |       ||     1
       Smiting           |       |       |     5 |    26 |     8 |    48 |    19 ||   106
       Recall Orcish Fol |       |       |       |       |     2 |    23 |     2 ||    27
       Give Item to Name |       |       |       |       |     1 |     4 |       ||     5
Evoke: Wand              |       |       |     3 |    23 |     8 |    97 |    11 ||   142
       Phantom mirror    |       |       |       |       |     2 |    10 |     7 ||    19
       Box of beasts     |       |       |       |       |     1 |     8 |     4 ||    13
       Tin of tremorston |       |       |       |       |       |     4 |     3 ||     7
  Use: Potion            |     1 |       |     2 |     7 |     4 |    13 |    14 ||    41
       Scroll            |       |     2 |    15 |    12 |    15 |     7 |     9 ||    60
 Stab: Invisible         |       |       |       |     1 |     1 |       |       ||     2
       Paralysed         |       |       |       |     8 |     6 |     6 |       ||    20
       Held in net/web   |       |       |       |     1 |       |       |       ||     1
       Distracted        |       |       |       |       |     2 |     3 |     1 ||     6
       Petrified         |       |       |       |       |     2 |       |       ||     2
Armor: Scale mail        |    61 |    20 |       |       |       |       |       ||    81
       Chain mail        |       |   109 |       |       |       |       |       ||   109
       Plate armour      |       |       |   162 |    98 |   306 |   244 |   193 ||  1003
       Skin              |       |       |    14 |     4 |       |       |       ||    18
       Crystal plate arm |       |       |       |   238 |       |       |       ||   238
Dodge: Dodged            |    37 |    54 |    38 |    74 |   264 |   202 |   126 ||   795
Block: Kite shield       |    56 |    73 |   158 |   430 |   551 |   594 |   301 ||  2163
       Reflection        |       |       |     5 |    16 |    30 |   111 |    24 ||   186

Table legend: (Time is in decaauts)
 A = Elapsed time spent in this place.
 B = Non-inter-level travel time spent in this place.
 C = Inter-level travel time spent in this place.
 D = Time resting spent in this place.
 E = Time spent auto-exploring this place.
 F = Levels seen in this place.
 G = Mean time per level.
                   A        B        C        D        E       F      G
               +--------+--------+--------+--------+--------+-----+--------+
         Total |  52685 |  49015 |   3670 |  15910 |  22488 |  36 | 1463.5 |
       Dungeon |  21782 |  20254 |   1528 |   6349 |   9545 |  15 | 1452.1 |
          Lair |   8303 |   7446 |    857 |   1649 |   3963 |   6 | 1383.8 |
         Swamp |   2093 |   2053 |     40 |    812 |    827 |   2 | 1046.5 |
     Snake Pit |   8513 |   7935 |    578 |   3204 |   3163 |   4 | 2128.2 |
  Orcish Mines |   2950 |   2461 |    489 |    862 |   1074 |   2 | 1475.0 |
        Vaults |   7348 |   7171 |    177 |   2381 |   3563 |   4 | 1837.0 |
         Abyss |    534 |    534 |      0 |    248 |     69 |   1 |  534.0 |
         Sewer |    555 |    555 |      0 |    100 |    226 |   1 |  555.0 |
        Bailey |    603 |    603 |      0 |    305 |     57 |   1 |  603.0 |
               +--------+--------+--------+--------+--------+-----+--------+

Top non-repeatable levels by time:
Vaults:3: 3043 daAuts
     D:7: 2967 daAuts
 Snake:2: 2725 daAuts
     D:9: 2701 daAuts
 Snake:4: 2234 daAuts
 Snake:3: 2199 daAuts
Vaults:2: 2027 daAuts
    D:11: 1986 daAuts
    D:13: 1863 daAuts
Vaults:1: 1833 daAuts
  Lair:4: 1663 daAuts
   Orc:2: 1604 daAuts
     D:3: 1526 daAuts
  Lair:2: 1469 daAuts
     D:2: 1400 daAuts
